 Dungeon Crawl Stone Soup version 0.30-a0-630-g881e3bac89 (webtiles) character file.

Game seed: 11499639786452416918

336 M4edhros the Sneak (level 6, -2/42 HPs)
             Began as an Octopode Artificer on Jan 13, 2023.
             Was an Initiate of Cheibriados.
             Slain by a hound (4 damage)
             ... on level 3 of the Dungeon.
             The game lasted 00:05:02 (2911 turns).

M4edhros the Sneak (Octopode Artificer)             Turns: 2911, Time: 00:05:03

Health: -2/42      AC:  1    Str: 12    XL:     6   Next: 54%
Magic:  6/6        EV: 14    Int: 15    God:    Cheibriados [......]
Gold:   248        SH:  0    Dex: 15    Spells: 1/5 levels left

rFire   . . .      SeeInvis .    a - +0 club
rCold   . . .      Faith    .    (no shield)
rNeg    . . .      Spirit   .    (helmet restricted)
rPois   .          Reflect  .    (no amulet)
rElec   .          Harm     .    (no ring)
rCorr   .          Rampage  .    (no ring)
Will    .....                    (no ring)
Stlth   ++++                     (no ring)
HPRegen 0.27/turn                (no ring)
MPRegen 0.10/turn                (no ring)
                                 (no ring)
                                 (no ring)

@: very slow
A: almost no armour, amphibious, 8 rings, camouflage 1, gelatinous body 1,
(nimble swimmer 1), tentacles
a: Renounce Religion


You were on level 3 of the Dungeon.
You worshipped Cheibriados.
Cheibriados was noncommittal.
You visited 2 branches of the dungeon, and saw 8 of its levels.

You collected 248 gold pieces.

Inventory:

Hand Weapons
 a - a +0 club (weapon)
Missiles
 r - 3 poisoned darts
Wands
 b - a wand of flame (4) (quivered)
 c - a wand of charming (12)
 d - a wand of iceblast (17)
 f - a wand of polymorph (10)
Scrolls
 e - a scroll of poison {unknown}
 g - a scroll of enchant weapon {unknown}
 h - 2 scrolls of noise {unknown}
 i - a scroll of magic mapping {unknown}
 j - 2 scrolls of enchant armour {unknown}
 l - 4 scrolls of identify {unknown}
 n - a scroll of teleportation {unknown}
 q - a scroll of silence {unknown}
Potions
 k - a potion of magic {unknown}
 m - a potion of attraction {unknown}
 o - a potion of cancellation {unknown}
 p - a potion of mutation {unknown}


   Skills:
 + Level 3.0 Fighting
 + Level 3.8 Dodging
 + Level 4.5 Stealth
 * Level 2.2 Ice Magic
 - Level 4.2 Evocations


You had one spell level left.
You knew the following spells:

 Your Spells              Type           Power      Damage    Failure   Level
a - Ozocubu's Armour      Ice            6%         N/A       32%         3
b - Summon Small Mammal   Summ           0%         N/A       26%         1

Your spell library contained the following spells:

 Spells                   Type           Power      Damage    Failure   Level
 Kiss of Death            Conj/Necr      0%         2d5       26%         1
 Call Canine Familiar     Summ           0%         N/A       63%         3
 Confusing Touch          Hex            0%         N/A       63%         3
 Summon Guardian Golem    Hex/Summ       0%         N/A       63%         3
 Dispel Undead            Necr           0%         3d6       95%         4
 Metabolic Englaciation   Hex/Ice        1%         N/A       99%         5
 Simulacrum               Ice/Necr       1%         N/A       100%        6


Dungeon Overview and Level Annotations

Branches:
Dungeon (7/15)             Temple (1/1) D:7

Altars:
Ashenzari
Cheibriados
Dithmenos
Elyvilon
Fedhas
Gozag
Hepliaklqana
Kikubaaqudgha
Makhleb
Nemelex Xobeh
Okawaru
Qazlal
Ru
Sif Muna
Trog
Uskayaw
Vehumet
Xom
Yredelemnul
Zin
The Shining One

Annotations:
D:3 Natasha


Innate Abilities, Weirdness & Mutations

You cannot wear most types of armour.
You are amphibious.
You can wear up to eight rings at the same time.
Your skin changes colour to match your surroundings (Stealth+).
Your rubbery body absorbs attacks. (AC +1, EV +1)
((You are camouflaged when in or above water. (Stealth+)))
You have tentacles for arms and can constrict up to eight enemies at once.


Message History

(D) Dungeon (T) Temple
Where to? (Enter - D:1 @ (x,y), ? - help)
There is a stone staircase leading down here.
You climb downwards.
There is a stone staircase leading up here.
A hound comes into view.
Found a stone staircase leading up.
A hobgoblin comes into view.
The hound barks!
The hobgoblin shouts!
You hear an angry hiss.
Natasha, Servant of Life and Death comes into view.
The hound misses you.
You hit the hound but do no damage. Your grab misses the hound.
The hound barely misses you. The hound bites you.
You closely miss the hound. Your grab misses the hound. You squeeze the hound!
The hound is heavily wounded.
The hound bites you.
You miss the hound. Your grab misses the hound.
The hound is heavily wounded.
The hound bites you. The hobgoblin misses you. The hound barely misses you.
The hobgoblin misses you.
You miss the hound. Your grab misses the hound.
You squeeze the hound, but do no damage.
The hound is heavily wounded.
The hound barely misses you. The hound bites you. The hobgoblin hits you.
Natasha claws you!
Aiming: Charm
Press: ? - help, Shift-Dir - straight line, f - hound
Aim: a hound (heavily wounded, chance to affect: 67%) Natasha is charmed.
The hound bites you. The hobgoblin hits you.
* * * LOW HITPOINT WARNING * * *
The hound bites you.
* * * LOW HITPOINT WARNING * * *
Okay, then.
The hobgoblin hits you.
* * * LOW HITPOINT WARNING * * *
Natasha claws the hobgoblin!
The hobgoblin dies!
Cheibriados thoroughly appreciates the change of pace.
The hound bites you.
You die...

[........#.......#
..#.....##.....#.##
#######.###.#<....#
#...#..#..#..#
#...#.#...#..#
#.>.#.#.#.#..#####
#................#.#
...........<.h......#
..............@.h...###
#.......#...............#
....................#####
.##.....#............#
#...b..>.........#.# .
b..#...#####.# ##...
...... .# .g... .....
.g...


You could see a hound and the friendly Natasha (charmed).

Vanquished Creatures
  A black bear (D:6)
  A scorpion (D:5)
  An orc priest (D:2)
  An iguana (D:5)
  An orc wizard (D:5)
  4 adders
  A gnoll (D:2)
  2 white imps
  An ufetubus (D:5)
  A worm (D:3)
  4 orcs
  2 ball pythons (D:2)
  2 endoplasms
  3 giant cockroaches (D:2)
  3 goblins
  6 hobgoblins
  A quokka (D:4)
  A bat (D:2)
  A frilled lizard (D:2)
  3 kobolds
  2 rats
42 creatures vanquished.

Vanquished Creatures (collateral kills)
  A hobgoblin (D:3)
  A rat (D:2)
2 creatures vanquished.

Grand Total: 44 creatures vanquished

Notes
Turn   | Place    | Note
-------+----------+-------------------------------------------
     0 | D:1      | M4edhros the Octopode Artificer began the quest for the
                  | Orb.
     0 | D:1      | Reached XP level 1. HP: 13/13 MP: 1/1
   292 | D:3      | Noticed a gnoll sergeant
   293 | D:3      | Found a sacrificial altar of Ru.
   300 | D:2      | Reached XP level 2. HP: 7/18 MP: 2/2
   383 | D:2      | Reached XP level 3. HP: 7/24 MP: 3/3
   477 | D:3      | HP: 1/24 [poisoned by an adder]
   478 | D:3      | Reached XP level 4. HP: 1/29 MP: 4/4
   715 | D:4      | Noticed an ogre
   717 | D:4      | HP: 1/29 [ogre/+0 giant club (28)]
   734 | D:5      | Entered Level 5 of the Dungeon
   847 | D:5      | Noticed a scorpion
   875 | D:5      | Killed a scorpion
   876 | D:5      | Reached XP level 5. HP: 6/35 MP: 5/5
  1047 | D:5      | Learned a level 3 spell: Ozocubu's Armour
  1152 | D:5      | Found a shimmering blue altar of Sif Muna.
  1248 | D:5      | Found an ancient bone altar of Kikubaaqudgha.
  1248 | D:5      | Found a glowing silver altar of Zin.
  1258 | D:5      | Reached skill level 1 in Ice Magic
  1396 | D:5      | Noticed an ogre
  1508 | D:6      | Found a hide-covered altar of Uskayaw.
  1595 | D:7      | Noticed an ogre
  1599 | D:6      | Noticed a black bear
  1609 | D:6      | Killed a black bear
  1610 | D:6      | Reached XP level 6. HP: 14/42 MP: 6/6
  1821 | D:7      | Found a staircase to the Ecumenical Temple.
  1836 | Temple   | Entered the Ecumenical Temple
  2030 | Temple   | Became a worshipper of Cheibriados the Contemplative
  2380 | D:1      | Learned a level 1 spell: Summon Small Mammal
  2543 | D:2      | Found a faded altar of an unknown god.
  2905 | D:3      | Noticed Natasha
  2911 | D:3      | HP: 2/42 [hobgoblin (5)]
  2911 | D:3      | Slain by a hound

Illustrated notes

Levels and vault maps discovered:
D:1:      erik_arrival_blinker_ship, layout_basic, chequers_jeans,
          amcnicky_mini_rare_corridor_liquid, wad_floor_pattern_1,
          minmay_hedge_maze, minmay_misc_feat_rows, minivault_25
D:2:      layout_loops_ring, chequers_ecumenical_altar_simple_redux,
          grunt_ministairs_12, minmay_pentomino_r2
D:3:      layout_rooms, mainiacjoe_overflow_small_starburst,
          pdpol_wu_jian_five_deadly_venoms, uniq_natasha
D:4:      layout_basic, wad_floor_pattern_2, feat_on_display, uniq_edmund
D:5:      layout_loops_ring, tgw_sif, grunt_temple_overflow_open
D:6:      layout_rooms, overflow_temple_1_default, minmay_small_thing
D:7:      layout_loops_cross, minmay_temple_entry_grid
Temple:   nicolae_temple_slightly_damp_pantheon

Skill      XL: |  1  2  3  4  5 |
---------------+----------------+-----
Stealth        | 2 3 4 |  4.5
Dodging        | 3 |  3.8
Fighting       | 2 3 |  3.0
Evocations     | 4 |  4.2
Ice Magic      | 2 |  2.2

Action                   |  1- 3 |  4- 6 || total
-------------------------+-------+-------++-------
Melee: Club              |    33 |    78 ||   111
       Constrict         |     9 |    18 ||    27
       Tentacles         |     3 |    25 ||    28
       Punch             |     1 |     2 ||     3
Evoke: Wand              |     4 |    12 ||    16
  Use: Potion            |       |     4 ||     4
 Stab: Sleeping          |       |     8 ||     8
Armor: Skin              |     1 |     5 ||     6
Dodge: Dodged            |    26 |    59 ||    85

Table legend: (Time is in decaauts)
 A = Elapsed time spent in this place.
 B = Non-inter-level travel time spent in this place.
 C = Inter-level travel time spent in this place.
 D = Time resting spent in this place.
 E = Time spent auto-exploring this place.
 F = Levels seen in this place.
 G = Mean time per level.
                   A        B        C        D        E       F      G
               +--------+--------+--------+--------+--------+-----+--------+
         Total |   3214 |   2967 |    247 |    239 |   1976 |   8 |  401.8 |
       Dungeon |   3002 |   2799 |    203 |    239 |   1826 |   7 |  428.9 |
        Temple |    212 |    168 |     44 |      0 |    150 |   1 |  212.0 |
               +--------+--------+--------+--------+--------+-----+--------+

Top non-repeatable levels by time:
     D:2: 894 daAuts
     D:5: 734 daAuts
     D:1: 599 daAuts
     D:6: 342 daAuts
  Temple: 212 daAuts
     D:3: 206 daAuts
     D:4: 132 daAuts
     D:7: 92 daAuts
